 Dungeon Crawl Stone Soup version 0.14-a0-1739-g6c2808e (webtiles) character file.

3207 Piginabag the Protected (level 10, -7/61 HPs)
             Began as a Formicid Hunter on Jan 4, 2014.
             Was a Believer of Okawaru.
             Mangled by an orc warrior
             ... wielding a -1,+0 orcish battleaxe
              (21 damage)
             ... on Level 6 of the Dungeon.
             The game lasted 00:39:03 (11031 turns).

Piginabag the Protected (Formicid Hunter)          Turns: 11031, Time: 00:39:03

HP  -7/61        AC 14     Str 21      XL: 10   Next: 18%
MP  12/12        EV 11     Int 10      God: Okawaru [**....]
Gold 489         SH  0     Dex 11      Spells:  0 memorised,  9 levels left

rFire  . . .     SeeInvis +     i - +4,-2 dwarf short sword (holy)
rCold  . . .     Clarity  .     s - +0 plate armour
rNeg   . . .     Conserve .     (no shield)
rPois  x         rCorr    .     (helmet unavailable)
rElec  .         rRot     .     (no cloak)
SustAb . .       Spirit   .     (no gloves)
rMut   .         Warding  .     (no boots)
Saprov . . .     Stasis   +     A - amulet of inaccuracy {unknown}
                                x - ring of protection from magic {unknown}
                                n - cursed +5 ring of evasion

@: drained, quite resistant to hostile enchantments, extremely unstealthy
A: permanent stasis, dig shafts and tunnels, four strong arms, poison weakness,
antennae 3, exoskeleton 1
a: Dig, Shaft Self, Heroism, Renounce Religion


You were on level 6 of the Dungeon.
You worshipped Okawaru.
Okawaru was pleased with you.
You were starving.

You visited 1 branch of the dungeon, and saw 7 of its levels.

You collected 489 gold pieces.

Inventory:

Hand weapons
 b - a +1,+1 crossbow
 i - a +4,-2 dwarven short sword of holy wrath (weapon)
 j - a +0 blowgun
Armour
 s - a +0 plate armour (worn)
Comestibles
 f - a bread ration
 h - a pear
 m - 2 meat rations
 p - 5 strawberries
 u - a snozzcumber
 B - an apple
Scrolls
 a - 2 scrolls of enchant armour {unknown}
 d - a scroll of enchant weapon II
 l - 5 scrolls of identify
 o - a scroll of amnesia
 r - a scroll of enchant weapon I
Jewellery
 n - a cursed +5 ring of evasion (left hand)
 t - an uncursed amulet of resist mutation {unknown}
 x - a ring of protection from magic (right hand) {unknown}
 A - an amulet of inaccuracy (around neck) {unknown}
Potions
 e - 2 potions of restore abilities
 g - a potion of cure mutation
 k - 6 potions of flight
 C - a potion of poison
 D - a potion of speed
Books
 w - a book of Maledictions

   Spells                             Type                      Level
   Corona                             Hexes                        1
   Sure Blade                         Hexes/Charms                 2
   Ensorcelled Hibernation            Hexes/Ice                    2
   Confuse                            Hexes                        3
   Enslavement                        Hexes                        4
   Invisibility                       Hexes                        6


   Skills:
 + Level 3.5(3.4) Fighting
 + Level 5.8(5.7) Short Blades
 + Level 6.8(6.7) Crossbows
 + Level 0.8(0.7) Throwing
 + Level 8.7(8.6) Armour
 + Level 4.5(4.4) Dodging
 + Level 4.4(4.3) Stealth
 + Level 1.2(1.1) Invocations
 + Level 1.4(1.3) Evocations


You had 9 spell levels left.
You didn't know any spells.

Dungeon Overview and Level Annotations

Branches:
Dungeon (7/16)             Temple (0/1) D:6

Altars:
Ashenzari
Elyvilon
Fedhas
Kikubaaqudgha
Makhleb
Okawaru
Trog
Vehumet

Annotations:
D:6 Dowan, Duvessa, Menkaure, Pikel


Innate Abilities, Weirdness & Mutations

Your are under a permanent stasis effect.
You can dig through walls and to a lower floor.
Your four strong arms can wield any weapon, most with a shield.
You are susceptible to poison.
You have a pair of large antennae on your head (SInv).
Your body is surrounded by an exoskeleton. (HP +5, AC +1)


Message History

The orc warrior barely misses you.
You closely miss the orc warrior. The orc hits you but does no damage.
The orc warrior hits you but does no damage.
You hit the orc warrior but do no damage.
The orc hits you with an orcish mace.
You hit the orc warrior but do no damage.
The orc warrior barely misses you.
You hit the orc warrior but do no damage.
The orc hits you with an orcish mace.
* * * LOW HITPOINT WARNING * * *
You hit the orc warrior but do no damage.
The orc warrior barely misses you. The orc hits you with an orcish mace.
* * * LOW HITPOINT WARNING * * *
You hit the orc warrior but do no damage.
The orc warrior barely misses you.
You closely miss the orc warrior. The orc hits you with an orcish mace.
* * * LOW HITPOINT WARNING * * *
You hit the orc warrior but do no damage.
The orc warrior hits you with an orcish battleaxe!
You die...

# #......# #
#......# #
#......# #
#......# #
#......# #
#......# #
#......#
###########....o.#
...........[...[@#
...........[...o[#
...........^.....#
.................#
##################


You could see an orc warrior and an orc.

Vanquished Creatures
  A hippogriff (D:7)
  A necrophage (D:6)
  3 slaves
  2 orc warriors (D:7)
  A sky beast (D:5)
  An ogre (D:5)
  A centaur (D:7)
  2 ice beasts
  A gnoll sergeant (D:6)
  4 giant frogs (D:7)
  3 jellies (D:7)
  5 wights
  A giant frog zombie (D:6)
  A goliath beetle (D:7)
  5 crimson imps
  An orc priest (D:6)
  A centaur skeleton (D:7)
  2 hounds
  6 iguanas
  A black bear skeleton (D:7)
  A giant frog skeleton (D:6)
  An orc wizard (D:7)
  3 worker ants
  A scorpion (D:6)
  6 gnolls
  9 adders
  A giant centipede (D:5)
  5 worms
  2 giant eyeballs
  8 giant geckos
  3 oozes
  12 orcs
  4 giant cockroaches
  12 goblins
  13 hobgoblins
  9 jackals
  17 kobolds
  6 quokkas
  A ball python (D:2)
  14 bats
  6 giant newts
  A hobgoblin skeleton (D:5)
  An orc zombie (D:7)
  11 rats
  7 ballistomycetes (D:7)
197 creatures vanquished.

Vanquished Creatures (others)
  An orc (D:7)
  2 giant spores (D:7)
3 creatures vanquished.

Grand Total: 200 creatures vanquished

Notes
Turn   | Place    | Note
--------------------------------------------------------------
     0 | D:1      | Piginabag, the Formicid Hunter, began the quest for the Orb.
     0 | D:1      | Reached XP level 1. HP: 17/17 MP: 1/1
   135 | D:1      | Reached XP level 2. HP: 21/21 MP: 2/2
   347 | D:1      | Reached XP level 3. HP: 16/25 MP: 3/3
   606 | D:1      | Reached skill level 1 in Armour
   710 | D:1      | Reached XP level 4. HP: 12/30 MP: 4/4
  1351 | D:2      | Found a bloodstained altar of Trog.
  1795 | D:2      | Reached XP level 5. HP: 34/34 MP: 5/5
  2004 | D:3      | Found a white marble altar of Elyvilon.
  2177 | D:3      | Found a burning altar of Makhleb.
  2593 | D:4      | Reached skill level 1 in Short Blades
  2608 | D:4      | Found a shattered altar of Ashenzari.
  2614 | D:4      | Reached XP level 6. HP: 30/40 MP: 6/6
  2766 | D:4      | Found an ancient bone altar of Kikubaaqudgha.
  2768 | D:4      | Found a blossoming altar of Fedhas.
  3005 | D:5      | Entered Level 5 of the Dungeon
  3025 | D:5      | Reached skill level 5 in Crossbows
  3073 | D:5      | Found an iron altar of Okawaru.
  3110 | D:5      | Became a worshipper of Warmaster Okawaru
  3153 | D:5      | Noticed an ice beast
  3163 | D:5      | Killed an ice beast
  3163 | D:5      | Reached XP level 7. HP: 12/44 MP: 7/7
  3551 | D:5      | Noticed an ogre
  3561 | D:5      | Killed an ogre
  3935 | D:6      | Noticed Dowan
  3992 | D:5      | Reached skill level 5 in Armour
  4132 | D:5      | Acquired Okawaru's first power
  4132 | D:5      | Reached XP level 8. HP: 35/49 MP: 8/8
  4258 | D:6      | Found a staircase to the Ecumenical Temple.
  4351 | D:6      | Noticed Menkaure
  4375 | D:6      | HP: 1/49 [Menkaure/nerve-wracking pain (2)]
  4829 | D:6      | Noticed Pikel
  5383 | D:7      | Reached skill level 6 in Crossbows
  5553 | D:7      | Found a radiant altar of Vehumet.
  6459 | D:5      | Reached XP level 9. HP: 44/54 MP: 9/9
  6972 | D:6      | Noticed Duvessa
  7420 | D:7      | Reached skill level 1 in Evocations
  7612 | D:7      | Reached skill level 7 in Armour
  7671 | D:7      | Reached skill level 5 in Short Blades
  8310 | D:7      | Reached skill level 1 in Invocations
  9050 | D:7      | Reached skill level 8 in Armour
  9050 | D:7      | Reached XP level 10. HP: 20/61 MP: 10/12
 11031 | D:6      | Mangled by an orc warrior

Action                   |  1- 3 |  4- 6 |  7- 9 | 10-12 || total
-------------------------+-------+-------+-------+-------++-------
Melee: Short sword       |   139 |   258 |   824 |   646 ||  1867
 Fire: Crossbow          |     4 |    25 |    60 |       ||    89
Throw: Javelin           |       |       |    22 |       ||    22
Invok: Heroism           |       |       |     3 |       ||     3
 Abil: Dig               |       |       |     5 |     2 ||     7
Evoke: Wand              |       |       |     4 |       ||     4
  Use: Scroll            |       |    11 |    10 |       ||    21
       Potion            |       |       |     6 |     1 ||     7
 Stab: Invisible         |       |       |     6 |       ||     6
